[ AOE2 MATCH · #506335731 ]
UnrankedGoths vs Shu
Player's team · WIN
Rival team · LOSS
[ REPLAY ANALYSIS · EXTRACTED FROM THE RECORDED GAME ]
Feudal
8:56
Castle
21:13
Imperial
37:29
| APM avg | 70.4 |
| APM peak | 98 |
| eAPM avg | 36.2 |
| Villagers / military | 158 / 198 |
Focus
⚔️ 52.1% · 🌾 47.9%
Spearman ×75 · Skirmisher ×72 · Huskarl ×28 · Archer ×7 · Trebuchet (Packed) ×6 · Knight ×5
Feudal
9:15
Castle
19:51
Imperial
35:50
| APM avg | 50.0 |
| APM peak | 78 |
| eAPM avg | 22.7 |
| Villagers / military | 181 / 70 |
Focus
⚔️ 33.6% · 🌾 66.4%
Archer ×50 · Unknown (1944) ×21 · Skirmisher ×15 · Unknown (1959) ×4 · Mangonel ×3 · Unknown (1942) ×3
Match map
Initial resources + every placement click. Lines = walls · curves = elevation contours. ◆ gold · ⬟ stone · ● berries · ✦ relic · ◌ wall gap
Your base· Open — unwalled flank
chandu champion's base· Open — 3t gap
Smoothed initial terrain · ◌ = detected wall gap · hover for details
Inputs per minute
— fourloko - - chandu champion
Build order — fourloko
First 150 of 568 actions detected
| 0:00 | Create | Villager (Male) |
| 0:00 | Create | Villager (Male) ×4 |
| 0:01 | Create | Villager (Male) ×3 |
| 0:02 | Build | House |
| 0:03 | Build | House |
| 1:25 | Create | Villager (Male) |
| 1:57 | Build | Lumber Camp |
| 2:01 | Create | Villager (Male) |
| 2:15 | Create | Villager (Male) |
| 2:46 | Create | Villager (Male) |
| 3:01 | Create | Villager (Male) |
| 3:32 | Create | Villager (Male) |
| 3:49 | Build | House |
| 4:00 | Create | Villager (Male) |
| 4:00 | Create | Villager (Male) |
| 4:24 | Create | Villager (Male) |
| 4:46 | Create | Villager (Male) |
| 4:46 | Create | Villager (Male) |
| 4:51 | Create | Villager (Male) |
| 4:52 | Create | Villager (Male) |
| 5:22 | Create | Villager (Male) |
| 5:31 | Build | Barracks |
| 5:48 | Create | Villager (Male) |
| 5:50 | Research | Loom |
| 5:53 | Build | House |
| 6:46 | Research | Feudal Age |
| 7:12 | Create | Militia |
| 7:12 | Create | Militia |
| 7:17 | Build | Mining Camp |
| 7:17 | Create | Villager (Male) |
| 7:50 | Build | House |
| 7:53 | Create | Militia |
| 8:30 | Build | Mill |
| 8:56 | Age | Feudal Age |
| 9:07 | Research | Man-at-Arms (upgrade) |
| 9:08 | Research | Double-Bit Axe |
| 9:22 | Create | Villager (Male) |
| 9:32 | Build | House |
| 9:41 | Create | Villager (Male) |
| 10:16 | Build | Archery Range |
| 10:22 | Create | Villager (Male) |
| 10:32 | Research | Horse Collar |
| 10:36 | Build | Palisade Wall |
| 10:44 | Create | Villager (Male) |
| 10:48 | Build | Farm |
| 10:51 | Build | Farm |
| 10:58 | Build | Farm |
| 11:07 | Build | House |
| 11:08 | Build | Palisade Wall |
| 11:11 | Create | Archer |
| 11:11 | Create | Archer |
| 11:13 | Create | Villager (Male) |
| 11:25 | Build | Palisade Wall |
| 11:27 | Build | Palisade Wall |
| 11:27 | Build | Palisade Wall |
| 11:34 | Create | Villager (Male) |
| 11:43 | Create | Villager (Male) |
| 11:51 | Create | Skirmisher |
| 11:55 | Build | Farm |
| 12:02 | Create | Villager (Male) |
| 12:14 | Build | Palisade Wall |
| 12:24 | Create | Skirmisher |
| 12:28 | Create | Villager (Male) |
| 12:55 | Build | Blacksmith |
| 12:57 | Create | Skirmisher |
| 13:00 | Create | Villager (Male) |
| 13:09 | Build | Farm |
| 13:22 | Build | Farm |
| 13:27 | Create | Villager (Male) |
| 13:29 | Build | House |
| 13:37 | Build | Palisade Wall |
| 13:37 | Research | Fletching |
| 13:43 | Create | Archer |
| 13:44 | Create | Skirmisher |
| 13:48 | Build | Farm |
| 13:55 | Build | Palisade Wall |
| 13:57 | Create | Villager (Male) |
| 14:07 | Build | Farm |
| 14:09 | Build | Farm |
| 14:12 | Create | Villager (Male) |
| 14:24 | Create | Militia |
| 14:29 | Build | House |
| 14:42 | Build | Palisade Wall |
| 14:47 | Create | Villager (Male) |
| 14:52 | Build | Palisade Wall |
| 15:03 | Research | Padded Archer Armor |
| 15:05 | Build | Palisade Wall |
| 15:13 | Create | Villager (Male) |
| 15:15 | Create | Archer |
| 15:24 | Build | Farm |
| 15:35 | Build | House |
| 15:38 | Create | Archer |
| 15:44 | Create | Villager (Male) |
| 15:53 | Build | Market |
| 15:57 | Create | Archer |
| 16:02 | Build | Farm |
| 16:11 | Create | Villager (Male) |
| 16:17 | Build | Farm |
| 16:42 | Build | Lumber Camp |
| 16:42 | Create | Villager (Male) |
| 16:54 | Build | Farm |
| 16:56 | Create | Villager (Male) |
| 17:08 | Build | Farm |
| 17:14 | Build | House |
| 17:23 | Create | Villager (Male) |
| 17:42 | Create | Archer |
| 18:01 | Create | Villager (Male) |
| 18:33 | Research | Castle Age |
| 18:35 | Create | Skirmisher |
| 18:46 | Build | Archery Range |
| 18:54 | Create | Skirmisher |
| 19:02 | Build | Farm |
| 19:21 | Create | Skirmisher |
| 19:23 | Research | Gold Mining |
| 19:37 | Create | Villager (Male) |
| 19:42 | Build | Stable |
| 19:49 | Build | House |
| 19:55 | Create | Skirmisher |
| 19:57 | Create | Skirmisher |
| 19:58 | Create | Skirmisher |
| 20:10 | Create | Skirmisher |
| 20:27 | Research | Scale Barding Armor |
| 20:30 | Build | Farm |
| 20:35 | Build | House |
| 20:43 | Create | Skirmisher |
| 20:53 | Create | Skirmisher |
| 21:13 | Age | Castle Age |
| 21:15 | Research | Elite Skirmisher (upgrade) |
| 21:16 | Research | Bodkin Arrow |
| 21:27 | Research | Crossbowman (upgrade) |
| 21:31 | Create | Villager (Male) |
| 21:44 | Build | Farm |
| 21:49 | Build | House |
| 21:52 | Build | Palisade Wall |
| 21:53 | Build | House |
| 22:00 | Create | Knight |
| 22:01 | Create | Knight |
| 22:08 | Create | Villager (Male) |
| 22:21 | Build | Farm |
| 22:28 | Create | Villager (Male) |
| 22:36 | Create | Villager (Male) |
| 22:49 | Create | Villager (Male) |
| 23:01 | Create | Villager (Male) |
| 23:16 | Build | Farm |
| 23:19 | Build | Town Center |
| 23:25 | Build | House |
| 23:26 | Build | House |
| 23:34 | Build | Farm |
| 23:35 | Build | Farm |
| 23:36 | Build | Farm |
Build order — chandu champion
First 150 of 463 actions detected
| 0:00 | Create | Villager (Male) |
| 0:00 | Create | Villager (Male) |
| 0:01 | Create | Villager (Male) |
| 0:01 | Create | Villager (Male) |
| 0:02 | Build | House |
| 0:03 | Build | House |
| 1:28 | Create | Villager (Male) |
| 1:44 | Build | Lumber Camp |
| 1:59 | Create | Villager (Male) |
| 2:15 | Create | Villager (Male) |
| 2:15 | Create | Villager (Male) |
| 2:35 | Build | House |
| 2:49 | Create | Villager (Male) |
| 3:02 | Create | Villager (Male) |
| 3:30 | Create | Villager (Male) |
| 3:30 | Create | Villager (Male) |
| 3:58 | Create | Villager (Male) |
| 4:16 | Create | Villager (Male) |
| 4:27 | Create | Villager (Male) |
| 4:42 | Build | Mill |
| 4:46 | Create | Villager (Male) |
| 5:00 | Create | Villager (Male) |
| 5:10 | Create | Villager (Male) |
| 5:10 | Create | Villager (Male) |
| 5:26 | Build | Palisade Wall |
| 5:26 | Build | Palisade Wall |
| 5:53 | Create | Villager (Male) |
| 5:56 | Build | House |
| 5:58 | Build | Palisade Wall |
| 6:20 | Build | Palisade Wall |
| 6:21 | Build | Palisade Wall |
| 6:23 | Build | Palisade Wall |
| 7:04 | Research | Feudal Age |
| 7:16 | Build | Palisade Wall |
| 7:38 | Create | Villager (Male) |
| 7:51 | Build | Barracks |
| 8:31 | Create | Villager (Male) |
| 8:37 | Create | Villager (Male) |
| 9:12 | Build | Palisade Gate |
| 9:13 | Create | Villager (Male) |
| 9:15 | Age | Feudal Age |
| 9:18 | Build | Archery Range |
| 9:23 | Build | House |
| 9:26 | Research | Double-Bit Axe |
| 9:26 | Create | Villager (Male) |
| 9:38 | Build | Palisade Wall |
| 9:55 | Create | Archer |
| 9:56 | Create | Villager (Male) |
| 10:08 | Create | Archer |
| 10:28 | Create | Archer |
| 10:32 | Build | Mining Camp |
| 10:34 | Build | House |
| 10:46 | Build | House |
| 10:58 | Create | Skirmisher |
| 11:19 | Research | Loom |
| 11:22 | Create | Skirmisher |
| 11:27 | Create | Villager (Male) |
| 11:36 | Build | Farm |
| 11:44 | Create | Villager (Male) |
| 11:46 | Build | Farm |
| 11:57 | Create | Villager (Male) |
| 12:01 | Create | Villager (Male) |
| 12:03 | Build | Farm |
| 12:08 | Create | Skirmisher |
| 12:09 | Create | Villager (Male) |
| 12:28 | Create | Villager (Male) |
| 12:30 | Build | Blacksmith |
| 12:37 | Create | Villager (Male) |
| 12:41 | Build | Watch Tower |
| 12:53 | Build | Farm |
| 13:04 | Build | Farm |
| 13:08 | Build | House |
| 13:22 | Research | Fletching |
| 13:24 | Create | Skirmisher |
| 13:26 | Create | Villager (Male) |
| 13:37 | Build | House |
| 13:41 | Build | Farm |
| 13:43 | Create | Villager (Male) |
| 13:52 | Create | Villager (Male) |
| 13:54 | Build | Farm |
| 13:57 | Create | Villager (Male) |
| 14:03 | Build | House |
| 14:07 | Create | Villager (Male) |
| 14:23 | Create | Villager (Male) |
| 14:24 | Build | Farm |
| 14:32 | Create | Villager (Male) |
| 14:45 | Create | Villager (Male) |
| 14:47 | Build | Farm |
| 14:59 | Build | Farm |
| 15:08 | Build | Farm |
| 15:15 | Build | Farm |
| 15:24 | Research | Wheelbarrow |
| 15:33 | Build | Farm |
| 15:44 | Build | House |
| 15:45 | Build | House |
| 15:51 | Create | Skirmisher |
| 15:53 | Create | Villager (Male) |
| 16:23 | Create | Skirmisher |
| 16:47 | Build | Lumber Camp |
| 16:53 | Create | Villager (Male) |
| 17:05 | Research | Castle Age |
| 17:11 | Build | Archery Range |
| 17:20 | Build | House |
| 17:35 | Research | Padded Archer Armor |
| 17:42 | Create | Skirmisher |
| 17:52 | Create | Skirmisher |
| 18:04 | Create | Villager (Male) |
| 18:21 | Create | Skirmisher |
| 18:29 | Create | Archer |
| 18:29 | Create | Archer |
| 18:35 | Research | Gold Mining |
| 18:45 | Build | House |
| 19:06 | Create | Villager (Male) |
| 19:22 | Build | House |
| 19:23 | Create | Skirmisher |
| 19:39 | Create | Archer |
| 19:48 | Build | Palisade Wall |
| 19:51 | Age | Castle Age |
| 19:54 | Research | Crossbowman (upgrade) |
| 19:55 | Research | Bodkin Arrow |
| 19:56 | Create | Villager (Male) |
| 20:02 | Create | Villager (Male) |
| 20:05 | Build | Town Center |
| 20:36 | Create | Archer |
| 20:36 | Create | Archer |
| 20:43 | Research | Town Watch |
| 20:48 | Create | Villager (Male) |
| 20:51 | Create | Archer |
| 21:07 | Create | Archer |
| 21:08 | Create | Villager (Male) |
| 21:10 | Build | Farm |
| 21:11 | Build | Farm |
| 21:29 | Create | Villager (Male) |
| 21:31 | Build | Farm |
| 21:33 | Create | Villager (Male) |
| 21:35 | Create | Archer |
| 21:45 | Build | Monastery |
| 21:53 | Create | Villager (Male) |
| 21:56 | Build | Farm |
| 22:12 | Create | Villager (Male) |
| 22:17 | Create | Villager (Male) |
| 22:28 | Research | Elite Skirmisher (upgrade) |
| 22:31 | Create | Skirmisher |
| 22:40 | Create | Monk |
| 22:45 | Create | Villager (Male) |
| 22:48 | Build | House |
| 22:50 | Create | Villager (Male) |
| 22:53 | Build | House |
| 23:06 | Create | Villager (Male) |
| 23:07 | Create | Skirmisher |
Match timeline
| 5:26 | chandu champion · wall_segment Palisade Wall x5 |
| 5:26 | chandu champion · wall_segment Palisade Wall x1 |
| 5:31 | fourloko · first_building Barracks |
| 5:58 | chandu champion · wall_segment Palisade Wall x5 |
| 6:20 | chandu champion · wall_segment Palisade Wall x2 |
| 6:21 | chandu champion · wall_segment Palisade Wall x3 |
| 6:23 | chandu champion · wall_segment Palisade Wall x2 |
| 7:16 | chandu champion · wall_segment Palisade Wall x1 |
| 7:51 | chandu champion · first_building Barracks |
| 8:56 | fourloko · age_up feudal |
| 9:15 | chandu champion · age_up feudal |
| 9:18 | chandu champion · first_building Archery Range |
| 9:38 | chandu champion · wall_segment Palisade Wall x6 |
| 10:16 | fourloko · first_building Archery Range |
| 10:36 | fourloko · wall_segment Palisade Wall x6 |
| 11:08 | fourloko · wall_segment Palisade Wall x5 |
| 11:25 | fourloko · wall_segment Palisade Wall x6 |
| 11:27 | fourloko · wall_segment Palisade Wall x6 |
| 11:27 | fourloko · wall_segment Palisade Wall x1 |
| 12:14 | fourloko · wall_segment Palisade Wall x9 |
| 13:37 | fourloko · wall_segment Palisade Wall x10 |
| 13:55 | fourloko · wall_segment Palisade Wall x3 |
| 14:42 | fourloko · wall_segment Palisade Wall x1 |
| 14:52 | fourloko · wall_segment Palisade Wall x1 |
| 15:05 | fourloko · wall_segment Palisade Wall x1 |
| 17:47 | fourloko · first_market_sell 500 wood |
| 17:52 | fourloko · first_market_buy 100 food |
| 19:42 | fourloko · first_building Stable |
| 19:48 | chandu champion · wall_segment Palisade Wall x1 |
| 19:51 | chandu champion · age_up castle |
| 21:13 | fourloko · age_up castle |
| 21:45 | chandu champion · first_building Monastery |
| 21:52 | fourloko · wall_segment Palisade Wall x1 |
| 24:06 | chandu champion · first_building Siege Workshop |
| 26:39 | chandu champion · wall_segment Palisade Wall x1 |
| 29:43 | fourloko · first_building Siege Workshop |
| 29:59 | chandu champion · first_building Castle |
| 32:14 | chandu champion · first_market_buy 100 food |
| 32:14 | chandu champion · first_market_sell 100 wood |
| 32:43 | fourloko · first_building Castle |
| 32:49 | chandu champion · first_building Stable |
| 35:50 | chandu champion · age_up imperial |
| 37:29 | fourloko · age_up imperial |
| 44:22 | chandu champion · resign |
[ AI ANALYSIS · 1 CREDIT ]
What really happened in this match?
Wolo.gg analyzes every decision: build order, eco, micro, common mistakes by bracket. Personalized analysis on WhatsApp or Discord in 30 seconds.
Civ guide
Goths
Perfil
Jugador #310739